 Dungeon Crawl Stone Soup version 0.24-a0-583-g87330a484a (webtiles) character file.

Game seed: 17478549136693637002, levelgen mode: deterministic

141 Esekla the Skirmisher (level 5, -4/37 HPs)
             Began as an Octopode Abyssal Knight on Aug 27, 2019.
             Was a Believer of Lugonu.
             Killed by divine providence
             ... invoked by an orc priest
              (14 damage)
             ... on level 3 of the Dungeon on Aug 28, 2019.
             The game lasted 00:12:51 (1622 turns).

Esekla the Skirmisher (Octopode Abyssal Knight)     Turns: 1622, Time: 00:12:51

Health: -4/37      AC:  1    Str: 19    XL:     5   Next: 24%
Magic:  6/6        EV: 14    Int: 14    God:    Lugonu [**....]
Gold:   169        SH:  0    Dex: 11    Spells: 4/4 levels left

rFire    . . .     SeeInvis .   a - +1 falchion
rCold    . . .     Gourm    .   (no shield)
rNeg     . . .     Faith    .   (helmet restricted)
rPois    .         Spirit   .   (no amulet)
rElec    .         Reflect  .   d - +6 ring of strength
rCorr    .         Harm     .   (no ring)
MR       .....                  (no ring)
Stlth    +++.......             (no ring)
HPRegen  0.12/turn              (no ring)
MPRegen  0.10/turn              (no ring)
                                (no ring)
                                (no ring)

@: no status effects
A: almost no armour, stealthy swim, amphibious, 8 rings, constrict 8, camouflage
1, gelatinous body 1
a: Depart the Abyss, Bend Space, Renounce Religion


You were on level 3 of the Dungeon.
You worshipped Lugonu.
Lugonu was pleased with you.
You were not hungry.

You visited 1 branch of the dungeon, and saw 3 of its levels.
You visited the Abyss 1 time.

You collected 169 gold pieces.

Inventory:

Hand Weapons
 a - a +1 falchion (weapon)
 c - a +0 glaive
Jewellery
 d - a +6 ring of strength (left tentacle)
Scrolls
 e - a scroll of fog {unknown}
 g - a scroll of magic mapping {unknown}
 h - a scroll of identify
 j - 3 scrolls of teleportation {unknown}
 l - a scroll of blinking {unknown}
Potions
 f - a potion of resistance
 i - 2 potions of curing
 k - 2 potions of ambrosia {unknown}
 m - a potion of degeneration {unknown}
Comestibles
 b - 6 rations


   Skills:
 + Level 3.7 Fighting
 * Level 3.6 Long Blades
 * Level 3.2 Dodging
 + Level 2.2 Stealth
 + Level 2.1 Invocations


You had 4 spell levels left.
You didn't know any spells.
Your spell library was empty.

Dungeon Overview and Level Annotations

Branches:
Dungeon (3/15)

Altars:
Dithmenos
The Shining One


Innate Abilities, Weirdness & Mutations

You cannot wear most types of armour.
You are very stealthy in the water. (Stealth+)
You are amphibious.
You can wear up to eight rings at the same time.
You can use your tentacles to constrict eight enemies at once.
Your skin changes colour to match your surroundings (Stealth+).
Your rubbery body absorbs attacks. (AC +1, EV +1)


Message History

Found 27 arrows.
Found a stone staircase leading down.
An orc priest comes into view. It is wielding a +0 mace of holy wrath.
An orc comes into view. It is wielding a +0 trident.
An orc comes into view. It is wielding a +0 club.
The orc shouts!
The orc priest shouts!
You hear a shout!
The orc priest invokes the aid of Beogh against you.
Beogh smites you!
The orc throws a boomerang.
The boomerang closely misses you.
The weapon returns to the orc!
The orc throws a boomerang.
The boomerang hits you.
* * * LOW HITPOINT WARNING * * *
The weapon returns to the orc!
The orc throws a boomerang.
The boomerang misses you.
The weapon returns to the orc!
You see here a scroll labeled TEINIU FEUBB.
j - 3 scrolls labeled TEINIU FEUBB (gained 1)
The orc misses you.
A quokka comes into view.
The orc priest mumbles some strange prayers to Beogh against you.
Beogh smites you!
You die...

########.##o######
..............o..##
####..##.##.###o..#####
##..##(##............
#...##.######...#####
##.#..##.# ##o##
#.###....# #o#
##.#..#### #.# #
#<..##########@# #
#...................r.
###..###.###############
.........# ........##
#.##.##.# #.##.##.#
#)##.##.# )[##.##.#


You could see an orc priest, 3 orcs and a quokka (sleeping).

Vanquished Creatures
  Jessica (D:2)
  3 adders
  2 worms (D:2)
  A dart slug (D:1)
  4 leopard geckos
  5 orcs (D:3)
  3 giant cockroaches
  10 goblins
  3 hobgoblins (D:1)
  8 jackals (D:1)
  4 kobolds
  A quokka (D:2)
  10 bats
  5 frilled lizards
  8 rats
68 creatures vanquished.

Notes
Turn   | Place    | Note
-------+----------+-------------------------------------------
     0 | Abyss:1  | Esekla the Octopode Abyssal Knight began the quest for the
                  | Orb.
     0 | Abyss:1  | Reached XP level 1. HP: 16/16 MP: 2/2
    71 | Abyss:1  | Noticed a raiju
   108 | Abyss:2  | Noticed a thrashing horror
   118 | Abyss:2  | Noticed a thrashing horror
   165 | Abyss:2  | Noticed a demonic crawler
   188 | Abyss:2  | Noticed a tentacled starspawn
   188 | Abyss:2  | Noticed a ynoxinul
   214 | Abyss:3  | Noticed an iron imp
   220 | Abyss:3  | Noticed a spatial vortex
   222 | Abyss:3  | Noticed a spatial vortex
   228 | Abyss:3  | Noticed a large abomination
   236 | Abyss:3  | Noticed a small abomination
   236 | Abyss:3  | Noticed a starcursed mass
   248 | D:1      | Escaped the Abyss
   443 | D:1      | Reached XP level 2. HP: 19/21 MP: 3/3
   469 | D:1      | Reached * piety under Lugonu
   544 | D:1      | Reached XP level 3. HP: 20/26 MP: 4/4
   915 | D:2      | Reached skill level 1 in Stealth
  1056 | D:2      | Reached XP level 4. HP: 23/31 MP: 5/5
  1066 | D:2      | Reached ** piety under Lugonu
  1179 | D:2      | Found a glowing golden altar of the Shining One.
  1185 | D:2      | Found a shadowy altar of Dithmenos.
  1390 | D:2      | Noticed Jessica
  1398 | D:2      | Killed Jessica
  1398 | D:2      | Reached XP level 5. HP: 25/37 MP: 6/6
  1622 | D:3      | Killed from afar by an orc priest

Levels and vault maps discovered:
D:1:      tarquinn_simple_flora_water_e, layout_rooms
D:2:      layout_basic, overflow_temple_1_default,
          grunt_dithmenos_smoke_and_mirrors, uniq_jessica
D:3:      layout_loops_ring, nicolae_overflow_hidden_temple, elyvilon_altar_1,
          first_ration, chequers_ecumenical_altar_lobes, serial_bayou_lake_a

Skill      XL: |  1  2  3  4 |
---------------+-------------+-----
Stealth        | 1 2 |  2.2
Dodging        | 3 |  3.2
Long Blades    | 3 |  3.6
Fighting       | |  3.7
Invocations    | |  2.1

Action                   |  1- 3 |  4- 6 || total
-------------------------+-------+-------++-------
Melee: Falchion          |    62 |    47 ||   109
       Constrict         |    22 |    18 ||    40
       Tentacles         |    11 |    15 ||    26
Invok: Depart the Abyss  |     1 |       ||     1
  Use: Scroll            |     2 |       ||     2
 Stab: Sleeping          |     3 |     2 ||     5
  Eat: Ration            |     1 |       ||     1
Armor: Skin              |     9 |     4 ||    13
Dodge: Dodged            |    51 |    34 ||    85
       Rpst.: Falchion   |    16 |    11 ||    27

Table legend:
 A = Non-vault XP
 B = Vault XP
 C = Vault XP percentage of total XP
 D = Non-vault monster count
 E = Vault monster count
 F = Vault count percentage of total count
                 A         B        C        D         E       F
            +---------+---------+-------+---------+---------+-------
      Total |     165 |      37 |  18.3 |      67 |       1 |   1.5
            +---------+---------+-------+---------+---------+-------
        D:1 |      58 |       0 |   0.0 |      33 |       0 |   0.0
        D:2 |      72 |      37 |  33.9 |      25 |       1 |   3.8
        D:3 |      35 |       0 |   0.0 |       9 |       0 |   0.0
            +---------+---------+-------+---------+---------+-------
